 Dungeon Crawl Stone Soup version 0.28.0-43-g3370ac3207 (webtiles) character file.

Game seed: 14465654217457648736

203 silky the Cudgeller (level 5, -3/47 HPs)
             Began as a Minotaur Chaos Knight on Mar 30, 2022.
             Was a Plaything of Xom.
             Killed from afar by Ijyb (44 damage)
             ... with a bolt of acid
             ... on level 3 of the Dungeon.
             The game lasted 00:07:32 (2268 turns).

silky the Cudgeller (Minotaur Chaos Knight)         Turns: 2268, Time: 00:07:33

Health: -3/47      AC:  7    Str: 16    XL:     5   Next: 51%
Magic:  4/4        EV:  9    Int: 11    God:    Xom [.*....]
Gold:   84         SH:  0    Dex: 10    Spells: 4/4 levels left

rFire   + . .      SeeInvis .   a - +0 mace (chaos)
rCold   . . .      Faith    .   (no shield)
rNeg    . . .      Spirit   .   m - +0 scale mail
rPois   .          Reflect  .   (helmet restricted)
rElec   .          Harm     .   (no cloak)
rCorr   .          Rampage  .   (no gloves)
Will    .....                   j - +0 pair of boots
Stlth   ..........              (no amulet)
HPRegen 0.15/turn               k - ring of protection from fire
MPRegen 0.09/turn               (no ring)

@: no status effects
A: horns 2, retaliatory headbutt
a: Renounce Religion


You were on level 3 of the Dungeon.
You worshipped Xom.
You were a plaything of Xom.
You visited 1 branch of the dungeon, and saw 3 of its levels.

You collected 84 gold pieces.

Inventory:

Hand Weapons
 a - a +0 mace of chaos (weapon)
Armour
 j - a +0 pair of boots (worn)
 m - a +0 scale mail (worn)
Jewellery
 k - a ring of protection from fire (left hand)
Wands
 h - a wand of iceblast (1)
Potions
 d - a potion of curing {unknown}
 e - 2 potions of cancellation {unknown}
 f - a potion of brilliance
 g - a potion of lignification {unknown}
 i - a potion of flight
 l - a potion of magic {unknown}


   Skills:
 + Level 4.6 Fighting
 + Level 6.1 Maces & Flails
 + Level 3.1 Armour
 + Level 1.9 Dodging
 + Level 0.8 Stealth
 + Level 0.1 Evocations


You had 4 spell levels left.
You didn't know any spells.
Your spell library contained the following spells:

 Spells                   Type           Power      Damage    Failure   Level
 Slow                     Hex            0%         N/A       77%         1


Dungeon Overview and Level Annotations

Branches:
Dungeon (3/15)

Altars:
Makhleb

Shops:
D:2 *([[

Annotations:
D:3 Ijyb, Sigmund


Innate Abilities, Weirdness & Mutations

You have a pair of horns on your head.
You reflexively headbutt those who attack you in melee.


Message History

Found an escape hatch in the floor.
Found two maces.
Found a spear.
A ball python comes into view.
The ball python hisses angrily.
You closely miss the ball python. Your headbutt misses the ball python.
The ball python bites you but does no damage.
The ball python grabs you. The ball python constricts you.
You hit the ball python but do no damage.
You headbutt the ball python.
You kill the ball python!
Sigmund the Dreaded comes into view.
He is wielding a +0 scythe.
An adder and a jackal come into view.
The adder hisses angrily.
The jackal barks!
You hear a bark!
A jackal comes into view.
Read: scroll of fear
Press: ? - help, Q - select action, (/) - cycle Dir - look around, f - activate Look: Sigmund, wielding a +0 scythe and wearing a +0 robe (chance to affect: 98%)
As you read the scroll of fear, it crumbles to dust.
You assume a fearsome visage.
Sigmund looks frightened!
The adder looks frightened!
The jackal looks frightened!
The jackal looks frightened!
Sigmund mumbles some strange words.
Sigmund flickers and vanishes!
Deactivating autopickup; reactivate with Ctrl-A.
Cornered, the adder turns to fight!
The adder closely misses you. You furiously retaliate!
You headbutt the adder. You hit the adder. You burn the adder.
Your headbutt misses the adder.
The adder is moderately wounded.
The adder barely misses you. You furiously retaliate!
You headbutt the adder!
You kill the adder!
Ijyb the Twisted Goblin comes into view.
She is wielding a +0 dagger and carrying a wand of acid (8).
Your Armour skill increases to level 3!
Ijyb shouts!
Ijyb zaps a wand.
The bolt of acid hits you.
Ijyb zaps a wand.
The bolt of acid hits you!!!
Ouch! That really hurt!
You die...
Xom chortles!

##### ....### #.
####### ##....#####.#
#.....#
.#..........###.....#
.#.^..# ##..##.....#
......####..........#
....................#
##............#.h...#
#..............@...#
##.............######
...............##
.#..........g...#
##########≈†.##....
...≈.# #.... .≈.≈..#
.... # ....≈## .... #
####≈.. ..


You could see Ijyb and a jackal.

Vanquished Creatures
  A necrophage (D:3)
  Terence (D:3)
  4 adders
  2 worms
  2 dart slugs (D:1)
  6 orcs (D:3)
  6 bats
  3 endoplasms
  3 giant cockroaches
  2 goblins (D:2)
  4 hobgoblins
  4 jackals (D:2)
  2 quokkas
  3 ball pythons
  2 frilled lizards
  5 kobolds
50 creatures vanquished.

Notes
Turn   | Place    | Note
-------+----------+-------------------------------------------
     0 | D:1      | silky the Minotaur Chaos Knight began the quest for the
                  | Orb.
     0 | D:1      | Reached XP level 1. HP: 19/19 MP: 0/0
    96 | D:1      | XOM: silly message
   234 | D:1      | Reached skill level 4 in Maces & Flails
   234 | D:1      | Reached XP level 2. HP: 24/27 MP: 1/1
   250 | D:1      | XOM: silly message
   368 | D:1      | XOM: divination: magic mapping
   475 | D:1      | XOM: silly message
   580 | D:1      | XOM: divination: detect creatures
   591 | D:1      | XOM: cloud trail
   735 | D:2      | Found Ubraaf's Antique Armour Emporium.
   768 | D:2      | XOM: silly message
   822 | D:2      | XOM: silly message
   837 | D:2      | Found a burning altar of Makhleb.
   927 | D:2      | XOM: 2-stop teleportation journey
   949 | D:2      | Reached XP level 3. HP: 33/33 MP: 2/2
  1094 | D:2      | Found Hiad's General Store.
  1424 | D:2      | Found Omeac's Antique Armour Shop.
  1456 | D:2      | Reached skill level 5 in Maces & Flails
  1600 | D:2      | Found Fos Hiez's Antique Weapon Boutique.
  1771 | D:3      | Found a faded altar of an unknown god.
  1780 | D:3      | Got Plato's Disquisition on Bewitchment
  1792 | D:3      | Reached XP level 4. HP: 41/41 MP: 3/3
  1797 | D:3      | Noticed a necrophage
  1806 | D:3      | Killed a necrophage
  1807 | D:3      | Reached XP level 5. HP: 40/47 MP: 4/4
  1924 | D:3      | Noticed Terence
  1928 | D:3      | Reached skill level 6 in Maces & Flails
  1938 | D:3      | Killed Terence
  2251 | D:3      | Noticed Sigmund
  2262 | D:3      | Noticed Ijyb
  2268 | D:3      | Killed from afar by Ijyb

Illustrated notes

Levels and vault maps discovered:
D:1:      dpeg_arrival_round_b, layout_basic
D:2:      layout_basic, serial_shops, shop, nicolae_square_shop,
          nicolae_shop_statue_plus, shop_statue, basic_altar
D:3:      layout_rooms, mainiacjoe_overflow_alcove_3, nicolae_ru_path_of_blood,
          shapermc_ecumenical_altar_rom_forum, minmay_surrounded, uniq_sigmund,
          uniq_ijyb, uniq_terence

Skill      XL: |  1  2  3  4  5 |
---------------+----------------+-----
Fighting       | 4 |  4.6
Maces & Flails | 4 5 6 |  6.1
Armour         | 3 |  3.1
Dodging        | |  1.9
Stealth        | |  0.8
Evocations     | |  0.1

Action                   |  1- 3 |  4- 6 || total
-------------------------+-------+-------++-------
Melee: Mace              |    55 |    42 ||    97
       Headbutt          |     7 |     9 ||    16
       Punch             |     1 |       ||     1
Evoke: Wand              |       |     3 ||     3
  Use: Scroll            |     3 |     1 ||     4
Armor: Leather armour    |    24 |    32 ||    56
       Scale mail        |       |     1 ||     1
Dodge: Dodged            |    35 |    37 ||    72
